[Event "Titled Tuesday Blitz November 15 Early 2022"]
[White "Rose, Felix"]
[Black "Winkels, Marcel"]
[WhiteFideId "5105722"]
[BlackFideId "1003887"]
[WhiteElo "2039"]
[BlackElo "1900"]
[Result "1-0"]
[Round "05"]
[TimeControl "180+1"]
[Date "2022.11.16"]
[WhiteClock "0:00:32"]
[BlackClock "0:00:36"]

1. d4 Nf6 2. Nc3 d5 3. Bf4 a6 4. Qd2 g6 5. f3 Bg7 6. Bh6 O-O 7. h4 c5 8. Bxg7 Kxg7 9. dxc5 Nc6 10. O-O-O d4 11. Ne4 Qd5 12. Nxf6 Qxa2 13. Nh5+ gxh5 14. Qg5+ Kh8 15. e4 Qa1+ 16. Kd2 Qxb2 17. Ne2 e5 18. Qf6+ Kg8 19. Qg5+ Kh8 20. Qf6+ Kg8 21. g4 d3 22. Qg5+ Kh8 23. Qf6+ Kg8 24. gxh5 Qxc2+ 25. Ke1 Rd8 26. Rg1+ Kf8 27. Rg7 Qb3 28. Rxh7 Ke8 29. Rh8+ Kd7 30. Qd6# 1-0


[Site "https://www.chess.com"]

[Event "Titled Tuesday Blitz November 15 Early 2022"]
[White "Rosenberg, Evan S"]
[Black "Parpiev, Isaak"]
[WhiteFideId "2019299"]
[BlackFideId "34281576"]
[WhiteElo "2373"]
[BlackElo "2094"]
[Result "1-0"]
[Round "05"]
[TimeControl "180+1"]
[Date "2022.11.16"]
[WhiteClock "0:00:19"]
[BlackClock "0:00:01"]

1. d4 Nf6 2. Nf3 g6 3. Nc3 Bg7 4. e4 d6 5. Be2 O-O 6. O-O Nbd7 7. e5 Ne8 8. Bf4 c5 9. exd6 Nxd6 10. d5 a6 11. a4 Nf6 12. h3 Bf5 13. Re1 Nfe4 14. Nxe4 Bxe4 15. c3 Bf5 16. Be5 Bxe5 17. Nxe5 Qc7 18. Bf3 Rfd8 19. Qd2 f6 20. Ng4 h5 21. Nh6+ Kg7 22. Qf4 Rac8 23. g4 hxg4 24. hxg4 Bc2 25. g5 f5 26. Qe5+ Kh7 27. Qxe7+ Qxe7 28. Rxe7+ Kh8 29. Kg2 Be4 30. Rh1 Bxf3+ 31. Kxf3 Re8 32. Nf7+ Kg7 33. Nxd6+ Rxe7 34. Nxc8 Rd7 35. d6 1-0


[Site "https://www.chess.com"]

[Event "Titled Tuesday Blitz November 15 Early 2022"]
[White "Rosh Jain"]
[Black "Mihailidis, Anastasios"]
[WhiteFideId "25789465"]
[BlackFideId "4205588"]
[WhiteElo "2233"]
[BlackElo "2312"]
[Result "0-1"]
[Round "05"]
[TimeControl "180+1"]
[Date "2022.11.16"]
[WhiteClock "0:00:01"]
[BlackClock "0:00:13"]

1. e4 c5 2. Nf3 d6 3. d4 cxd4 4. Nxd4 Nf6 5. Nc3 g6 6. Be3 Bg7 7. f3 O-O 8. Qd2 Nc6 9. O-O-O d5 10. Qe1 e5 11. Nxc6 bxc6 12. exd5 cxd5 13. Bc4 Be6 14. Bc5 Re8 15. Bb5 Bd7 16. Nxd5 Nxd5 17. Rxd5 Bh6+ 18. Kb1 Qc7 19. Bxd7 Red8 20. Qe4 f5 21. Qc4 Kh8 22. Be6 Rxd5 23. Qxd5 Rd8 24. Qc4 Bf8 25. Bxf8 Qxc4 26. Bxc4 Rxf8 27. Rd1 e4 28. Re1 exf3 29. gxf3 Rd8 30. Bb5 Rd2 31. Be2 Rd4 32. c3 Rh4 33. Rh1 g5 34. Kc2 Kg7 35. Kd3 Kf6 36. Ke3 Ke5 37. Bd3 Rh3 38. Kf2 g4 39. Be2 Kf4 40. fxg4 fxg4 41. Rg1 Rxh2+ 42. Rg2 g3+ 43. Kg1 Rh6 44. Kf1 Rd6 45. Ke1 Rd5 46. c4 Re5 47. Kd2 h5 48. b4 h4 49. Rg1 h3 50. Rf1+ Kg5 51. Rh1 g2 52. Rg1 Kf4 53. Bf1 Kg3 54. Bxg2 hxg2 55. Rxg2+ Kxg2 56. Kc3 Kf3 57. Kd4 Re4+ 58. Kd5 Re2 59. a4 Rd2+ 60. Kc5 Ke4 61. Kc6 Ra2 62. a5 Ra4 63. Kb5 Ra1 64. Ka6 Kd4 65. c5 Kd5 0-1


[Site "https://www.chess.com"]

[Event "Titled Tuesday Blitz November 15 Early 2022"]
[White "Rostomyan, Mikayel"]
[Black "Lauridsen, Jesper Morch"]
[WhiteFideId "13313754"]
[BlackFideId "1401890"]
[WhiteElo "2009"]
[BlackElo "2227"]
[Result "1-0"]
[Round "05"]
[TimeControl "180+1"]
[Date "2022.11.16"]
[WhiteClock "0:00:48"]
[BlackClock "0:00:08"]

1. e4 e6 2. d4 d5 3. Bd3 c5 4. exd5 cxd4 5. dxe6 Bxe6 6. Nf3 Nc6 7. O-O Nf6 8. Bg5 Be7 9. Nbd2 O-O 10. Nb3 Qb6 11. Nbxd4 Nxd4 12. Nxd4 Qxb2 13. Nxe6 fxe6 14. Qe2 Qb6 15. Rab1 Qc6 16. Bc4 Kh8 17. Qxe6 Qxe6 18. Bxe6 b6 19. Rfd1 Rad8 20. Bb3 h6 21. Be3 Ng4 22. Bd4 Bd6 23. g3 Ne5 24. Kg2 Nf3 25. Be3 Ne5 26. h3 Bc5 27. Bxc5 bxc5 28. Bd5 Rd6 29. c4 Nc6 30. Bxc6 Rxc6 31. Rd7 Rb6 32. Rxb6 axb6 33. Rb7 Rf6 34. a4 h5 35. Rc7 Rd6 36. a5 bxa5 37. Rxc5 Rd4 38. Rxh5+ Kg8 39. Rxa5 Rxc4 40. g4 Rc3 41. f3 Kh8 42. Kg3 Kh7 43. h4 Rb3 44. Ra6 Rc3 45. h5 Rc4 46. g5 Rc8 47. f4 Rc3+ 48. Kg4 Rd3 49. Ra8 g6 50. Ra7+ Kh8 51. hxg6 Kg8 52. f5 Rd4+ 53. Kh5 Rd1 54. Ra8+ Kg7 55. f6# 1-0


[Site "https://www.chess.com"]

[Event "Titled Tuesday Blitz November 15 Early 2022"]
[White "Sadubayev, Airat"]
[Black "Chernomordik, Pavel"]
[WhiteFideId "13713264"]
[BlackFideId "2804530"]
[WhiteElo "2160"]
[BlackElo "2192"]
[Result "1-0"]
[Round "05"]
[TimeControl "180+1"]
[Date "2022.11.16"]
[WhiteClock "0:00:20"]
[BlackClock "0:00:17"]

1. d4 g6 2. c4 Bg7 3. Nc3 d6 4. e4 c6 5. Be3 a6 6. a4 a5 7. f3 Na6 8. Bd3 Nb4 9. Bb1 Nf6 10. Nge2 O-O 11. O-O Nd7 12. Qd2 e5 13. Rd1 Qe7 14. Bc2 Nxc2 15. Qxc2 exd4 16. Nxd4 Ne5 17. b3 Be6 18. Qd2 Rfd8 19. Nce2 Bd7 20. Nf4 Be8 21. Rac1 Rac8 22. Qxa5 f5 23. Nde6 Rd7 24. Nxg7 Kxg7 25. exf5 Nxf3+ 26. Kf2 Ne5 27. Qc3 gxf5 28. Kg1 Kg8 29. Bd4 Bf7 30. Re1 Re8 31. Nd3 Qf6 32. Nxe5 dxe5 33. Bxe5 Qg5 34. Qg3 Qxg3 35. Bxg3 Rd3 36. Rxe8+ Bxe8 37. Rb1 Bh5 38. a5 Bd1 39. b4 Bb3 40. b5 Bxc4 41. a6 bxa6 42. b6 1-0


[Site "https://www.chess.com"]

[Event "Titled Tuesday Blitz November 15 Early 2022"]
[White "Safin, Robert"]
[Black "Ahn, Hongjin"]
[WhiteFideId "34189120"]
[BlackFideId "13201492"]
[WhiteElo "2253"]
[BlackElo "2182"]
[Result "0-1"]
[Round "05"]
[TimeControl "180+1"]
[Date "2022.11.16"]
[WhiteClock "0:00:03"]
[BlackClock "0:00:14"]

1. e4 c5 2. c3 Nf6 3. e5 Nd5 4. Nf3 Nc6 5. Na3 d6 6. exd6 e6 7. Nc4 Bxd6 8. Nxd6+ Qxd6 9. d4 cxd4 10. Nxd4 O-O 11. Nxc6 Qxc6 12. Bd3 b6 13. O-O Bb7 14. Be4 Rfd8 15. Qh5 g6 16. Qh4 Qc4 17. Bg5 f6 18. Bf3 Ba6 19. Bxf6 Qxh4 20. Bxh4 Bxf1 21. Bxd8 Bxg2 22. Bxg2 Rxd8 23. Rd1 Rd7 24. Rd4 Kf7 25. Kf1 Ke7 26. Ke2 g5 27. Bxd5 exd5 28. h4 h6 29. Kf3 Ke6 30. Kg4 gxh4 31. Kh5 Rf7 32. f4 h3 0-1


[Site "https://www.chess.com"]

[Event "Titled Tuesday Blitz November 15 Early 2022"]
[White "Sailer, Mike"]
[Black "Raahul V S"]
[WhiteFideId "2012901"]
[BlackFideId "25035525"]
[WhiteElo "2109"]
[BlackElo "2233"]
[Result "0-1"]
[Round "05"]
[TimeControl "180+1"]
[Date "2022.11.16"]
[WhiteClock "0:00:01"]
[BlackClock "0:00:42"]

1. Nf3 Nf6 2. c4 c6 3. g3 d5 4. Bg2 dxc4 5. O-O e6 6. a4 b5 7. axb5 cxb5 8. Ne5 Nd5 9. Nc3 Qd6 10. d4 Bd7 11. Nxd7 Qxd7 12. Nxd5 exd5 13. e4 Bd6 14. e5 Bc7 15. Qf3 a5 16. Qxd5 Qxd5 17. Bxd5 Ra6 18. Bg2 O-O 19. f4 Rd8 20. d5 Bb6+ 21. Kh1 Nd7 22. d6 Bd4 23. Bc6 Rxc6 24. Rxa5 Rb6 25. Rd1 Bc5 26. Ra6 Rxa6 0-1


[Site "https://www.chess.com"]

[Event "Titled Tuesday Blitz November 15 Early 2022"]
[White "Salinas Herrera, Pablo"]
[Black "Jobava, Baadur"]
[WhiteFideId "3407128"]
[BlackFideId "13601520"]
[WhiteElo "2557"]
[BlackElo "2582"]
[Result "1-0"]
[Round "05"]
[TimeControl "180+1"]
[Date "2022.11.15"]
[WhiteClock "0:00:04"]
[BlackClock "0:00:04"]

1. e4 d6 2. d4 Nf6 3. Nc3 e5 4. Nge2 Nc6 5. f3 g6 6. Be3 Bg7 7. Qd2 O-O 8. h4 d5 9. exd5 Nxd5 10. Nxd5 Qxd5 11. Nc3 Qa5 12. d5 Nd4 13. h5 Bf5 14. Bd3 Rfe8 15. hxg6 hxg6 16. O-O-O Bxd3 17. Qxd3 c6 18. dxc6 bxc6 19. Qc4 Rab8 20. a3 Nf5 21. Rd7 Re7 22. Rxe7 Nxe7 23. Bc5 Nf5 24. Ne4 Rd8 25. g4 Nd4 26. Bxd4 exd4 27. Kb1 Qb6 28. Rd1 d3 29. c3 Qe3 30. Nc5 Rd5 31. Nxd3 Qe2 32. Kc1 Qxf3 33. Kc2 Bh6 34. Re1 Kg7 35. Ne5 Rd2+ 36. Kb3 Qf2 37. Rb1 Qf6 38. Nxc6 Rd6 39. Nd4 Rb6+ 40. Ka2 Qf2 41. Nb3 Bg5 42. Rf1 Qg2 43. Qxf7+ Kh6 44. Qf8+ Kh7 45. Rf7# 1-0


[Site "https://www.chess.com"]

[Event "Titled Tuesday Blitz November 15 Early 2022"]
[White "Samunenkov, Ihor"]
[Black "Winterberg, Lukas"]
[WhiteFideId "14187086"]
[BlackFideId "24622702"]
[WhiteElo "2441"]
[BlackElo "2349"]
[Result "1-0"]
[Round "05"]
[TimeControl "180+1"]
[Date "2022.11.16"]
[WhiteClock "0:00:03"]
[BlackClock "0:00:08"]

1. e4 e6 2. d4 d5 3. Nd2 c5 4. exd5 Qxd5 5. Ngf3 cxd4 6. Bc4 Qd7 7. O-O Nc6 8. Nb3 a6 9. a4 Nf6 10. Qe2 Bd6 11. Rd1 e5 12. Nbxd4 Nxd4 13. Rxd4 Qe7 14. Rxd6 Qxd6 15. b3 e4 16. Ba3 Qf4 17. Qe1 Be6 18. Bxe6 fxe6 19. Nd4 Kf7 20. Qb4 Rae8 21. Qxb7+ Kg6 22. Re1 Qd2 23. Qb4 Qxb4 24. Bxb4 e5 25. Nc6 Re6 26. Ne7+ Kf7 27. Nf5 Rd8 28. h3 Rc6 29. Ne3 Nd5 30. Ba5 Rd7 31. Nc4 Kf6 32. Rxe4 Re6 33. g3 Ne7 34. Bc3 Nc6 35. b4 Kf5 36. Re3 Nd4 37. Bxd4 Rxd4 38. Rc3 Rc6 39. Ne3+ Ke4 40. Rxc6 Kf3 41. Rc4 Rd2 42. Rc8 Ke2 43. Kg2 e4 44. b5 axb5 45. axb5 Rd6 46. c4 Rd2 47. b6 Rb2 48. c5 g6 49. Rf8 1-0


[Site "https://www.chess.com"]

[Event "Titled Tuesday Blitz November 15 Early 2022"]
[White "Sanchez, Robert"]
[Black "Khamdamova, Afruza"]
[WhiteFideId "2034360"]
[BlackFideId "14210444"]
[WhiteElo "2297"]
[BlackElo "2018"]
[Result "1-0"]
[Round "05"]
[TimeControl "180+1"]
[Date "2022.11.16"]
[WhiteClock "0:00:13"]
[BlackClock "0:00:13"]

1. e4 e5 2. Nf3 Nf6 3. Nxe5 d6 4. Nf3 Nxe4 5. Nc3 Nxc3 6. dxc3 Be7 7. Bd3 Nc6 8. Bf4 Be6 9. Qe2 Qd7 10. h3 h6 11. a4 a6 12. Nd4 Nxd4 13. cxd4 d5 14. O-O O-O 15. b3 Bf6 16. c3 Rfe8 17. Qf3 Be7 18. Qh5 Bf8 19. Rfe1 g6 20. Qf3 Bf5 21. Bxf5 Qxf5 22. Qg3 c6 23. Bd6 Bg7 24. Bc5 Re6 25. Qc7 b5 26. axb5 cxb5 27. Rxe6 fxe6 28. Rxa6 Rxa6 29. Qc8+ Bf8 30. Qxa6 Qb1+ 31. Kh2 Qc1 32. Qxe6+ Kh8 33. Qe3 Qxe3 34. fxe3 Bg7 35. Kg3 Bf6 36. Kf3 Kg7 37. e4 dxe4+ 38. Kxe4 Kf7 39. Kd5 Bg5 40. Kc6 Bd2 41. Bb4 1-0


[Site "https://www.chess.com"]

[Event "Titled Tuesday Blitz November 15 Early 2022"]
[White "Sargsyan, Anna M."]
[Black "Grapsa, Georgia"]
[WhiteFideId "13308130"]
[BlackFideId "4206436"]
[WhiteElo "2284"]
[BlackElo "1877"]
[Result "1-0"]
[Round "05"]
[TimeControl "180+1"]
[Date "2022.11.16"]
[WhiteClock "0:01:13"]
[BlackClock "0:00:13"]

1. d4 d5 2. c4 e6 3. Nc3 f5 4. g4 c6 5. gxf5 exf5 6. Nh3 Nf6 7. Bg5 Bb4 8. e3 Be6 9. Nf4 Bf7 10. cxd5 Bxc3+ 11. bxc3 cxd5 12. Qb3 b6 13. Bb5+ Kf8 14. Bxf6 gxf6 15. Rg1 Rg8 16. Qb4+ Qe7 17. O-O-O a6 18. Bd3 Qxb4 19. cxb4 Nc6 20. Bxf5 Nxb4 21. a3 Nc6 22. Bxh7 Rxg1 23. Rxg1 Ke7 24. Rg7 Nd8 25. Bg6 Kf8 26. Rh7 Bxg6 27. Nxg6+ Kg8 28. Rd7 Rc8+ 29. Kd2 Rb8 30. h4 Nf7 31. h5 Kg7 32. Rxd5 b5 33. Rd7 a5 34. Nf4 b4 35. axb4 axb4 36. Kc2 b3+ 37. Kb2 Kf8 38. Ne6+ Kg8 39. e4 Nh6 40. f4 Ng4 41. Rg7+ 1-0


[Site "https://www.chess.com"]

[Event "Titled Tuesday Blitz November 15 Early 2022"]
[White "Sarkar, Justin"]
[Black "Hartikainen, Jarmo"]
[WhiteFideId "2010011"]
[BlackFideId "503134"]
[WhiteElo "2239"]
[BlackElo "2184"]
[Result "1-0"]
[Round "05"]
[TimeControl "180+1"]
[Date "2022.11.16"]
[WhiteClock "0:00:06"]
[BlackClock "0:00:18"]

1. d4 Nf6 2. c4 g6 3. Nc3 d5 4. Nf3 Bg7 5. h4 h5 6. cxd5 Nxd5 7. e4 Nxc3 8. bxc3 c5 9. Bb5+ Nc6 10. O-O cxd4 11. cxd4 O-O 12. Bxc6 bxc6 13. Qc2 Bg4 14. Ne5 Qxd4 15. Bb2 Qb6 16. Rab1 Rab8 17. Nxg4 Bxb2 18. Ne5 Qb5 19. Nd7 a5 20. Nxf8 Kxf8 21. Rfd1 a4 22. a3 Qb3 23. Qxb3 Rxb3 24. Rd8+ Kg7 25. Ra8 Be5 26. Rxb3 axb3 27. Ra7 b2 28. Rb7 c5 29. Kf1 c4 30. Ke2 c3 31. Kd1 e6 32. Kc2 g5 33. hxg5 Kg6 34. a4 Bd4 35. a5 Kxg5 36. a6 Bxf2 37. a7 Bxa7 38. Rxa7 f5 39. Ra3 fxe4 40. Rxc3 Kf4 41. Kxb2 e3 42. Kc1 e5 43. Kd1 Kg3 44. Ke2 Kxg2 45. Rxe3 h4 46. Rxe5 Kg3 47. Rg5+ Kf4 48. Rg8 h3 49. Kf2 h2 50. Rh8 Ke4 51. Rxh2 Kd5 52. Rh4 Ke6 53. Rh5 Kf6 54. Kf3 Kg6 55. Kg4 Kf6 56. Kf4 Ke6 57. Rh4 Kd5 58. Rh3 Kd4 59. Rf3 Kd5 60. Rd3+ Kc4 61. Ke4 Kc5 62. Ke5 Kc4 63. Re3 Kb4 64. Kd5 Kb5 65. Rb3+ Ka4 66. Kc4 Ka5 67. Kc5 Ka4 68. Rc3 1-0


[Site "https://www.chess.com"]

[Event "Titled Tuesday Blitz November 15 Early 2022"]
[White "Saya, Ethan"]
[Black "Clawitter, Craig"]
[WhiteFideId "26095181"]
[BlackFideId "2023105"]
[WhiteElo "2162"]
[BlackElo "2208"]
[Result "1-0"]
[Round "05"]
[TimeControl "180+1"]
[Date "2022.11.16"]
[WhiteClock "0:01:14"]
[BlackClock "0:01:27"]

1. d4 e6 2. e4 d5 3. exd5 exd5 4. Nf3 Bd6 5. c4 Nf6 6. c5 Be7 7. Qa4+ c6 8. Bd3 O-O 9. O-O b6 10. cxb6 Qxb6 11. Nc3 Ba6 12. Qc2 Bxd3 13. Qxd3 Na6 14. b3 Nb4 15. Qf5 g6 16. Qf4 Nd3 17. Qe3 Nxc1 18. Qxe7 Ne4 19. Raxc1 Qb4 20. Qxb4 1-0


[Site "https://www.chess.com"]

[Event "Titled Tuesday Blitz November 15 Early 2022"]
[White "Seemann, Jakub"]
[Black "Boros, Denes"]
[WhiteFideId "21874697"]
[BlackFideId "722340"]
[WhiteElo "2275"]
[BlackElo "2464"]
[Result "0-1"]
[Round "05"]
[TimeControl "180+1"]
[Date "2022.11.16"]
[WhiteClock "0:00:08"]
[BlackClock "0:00:26"]

1. d4 g6 2. c4 Bg7 3. Nf3 Nf6 4. g3 c5 5. Bg2 Qa5+ 6. Nc3 Ne4 7. Qd3 Nxc3 8. bxc3 cxd4 9. Nxd4 Nc6 10. O-O O-O 11. Nb3 Qxc3 12. Rb1 Qxd3 13. exd3 d6 14. Bg5 Re8 15. Rfe1 Bf5 16. Rbd1 h6 17. Bxc6 bxc6 18. Bxe7 d5 19. c5 Bc3 20. Re3 d4 21. Re5 a5 22. Bf6 Be6 23. Re4 Bxb3 24. axb3 Rxe4 25. dxe4 Rb8 26. Bxd4 Rd8 27. Bxc3 Rxd1+ 28. Kg2 Rc1 29. Bxa5 Rxc5 30. Bd2 Rc2 31. Be1 Re2 32. Bc3 Rxe4 33. Kf3 Re6 34. b4 f5 35. Bd4 Kf7 36. h4 Re4 37. Bc5 Ke6 38. Bf8 g5 39. Bxh6 gxh4 40. gxh4 Rxh4 41. Bd2 Kd5 42. Ke3 Re4+ 43. Kd3 Ke6 44. f3 Rh4 45. Bc3 Kd5 46. Ke3 Rc4 47. Be1 Rc2 48. Kd3 Rc1 49. Bd2 Rd1 50. Ke2 Rxd2+ 51. Kxd2 Kc4 52. Ke3 Kxb4 53. Kf4 c5 54. Kxf5 c4 55. Kg6 c3 56. f4 c2 57. f5 c1=Q 58. f6 Qc8 59. Kg7 Qg4+ 60. Kh7 Qf5+ 61. Kg7 Qg5+ 62. Kf7 Kc5 63. Ke6 Qg6 64. Ke7 Qg5 65. Ke6 Qg6 66. Ke7 Qe4+ 67. Kf8 Kd6 68. f7 Qg6 69. Ke8 Ke6 70. Kf8 Qxf7# 0-1


[Site "https://www.chess.com"]

[Event "Titled Tuesday Blitz November 15 Early 2022"]
[White "Seifert, Henryk"]
[Black "Pino Perez, Lazaro"]
[WhiteFideId "1100963"]
[BlackFideId "3517055"]
[WhiteElo "2120"]
[BlackElo "2170"]
[Result "1-0"]
[Round "05"]
[TimeControl "180+1"]
[Date "2022.11.16"]
[WhiteClock "0:00:09"]
[BlackClock "0:00:03"]

1. e4 c5 2. Nf3 g6 3. c3 Bg7 4. d4 cxd4 5. cxd4 d5 6. e5 Bg4 7. Nbd2 Nc6 8. h3 Bxf3 9. Nxf3 Nh6 10. Bd3 Nf5 11. Bxf5 gxf5 12. Qb3 Qd7 13. Bd2 e6 14. Rc1 O-O 15. g4 Ne7 16. g5 Rfc8 17. Rxc8+ Rxc8 18. h4 Bf8 19. h5 Rc4 20. Rg1 Qc6 21. Bc3 b5 22. a3 Qb6 23. g6 fxg6 24. hxg6 Nxg6 25. Nh4 Kf7 26. Nxg6 hxg6 27. Qd1 a5 28. Qf3 Rxd4 29. Bxd4 Qxd4 30. Qg3 Qe4+ 31. Kf1 Qb1+ 32. Kg2 1-0


[Site "https://www.chess.com"]

[Event "Titled Tuesday Blitz November 15 Early 2022"]
[White "Shapiro, Daniel"]
[Black "Shuvalov, Evgenij"]
[WhiteFideId "2001780"]
[BlackFideId "4187237"]
[WhiteElo "2298"]
[BlackElo "2049"]
[Result "0-1"]
[Round "05"]
[TimeControl "180+1"]
[Date "2022.11.16"]
[WhiteClock "0:00:03"]
[BlackClock "0:00:33"]

1. d4 Nf6 2. c4 c5 3. d5 b5 4. cxb5 a6 5. e3 Bb7 6. Nc3 Qa5 7. Bd2 axb5 8. e4 b4 9. e5 Nxd5 10. Nxd5 Bxd5 11. Nf3 e6 12. Be2 Be7 13. O-O O-O 14. a3 Nc6 15. Qc2 Qc7 16. axb4 cxb4 17. Bf4 Qb7 18. Rad1 Rfc8 19. Qd3 b3 20. h4 Nb4 21. Qe3 Ra2 22. Rd2 Rc2 23. Rfd1 Raxb2 24. Nd4 Rxd2 25. Rxd2 Rxd2 26. Qxd2 Nc6 27. Nf3 b2 28. Bd3 b1=Q+ 29. Bxb1 Qxb1+ 30. Kh2 Qf5 31. Qe3 h6 32. Nd2 Bxh4 33. f3 Bg5 34. Bxg5 hxg5 35. Nf1 Qxe5+ 0-1


[Site "https://www.chess.com"]

[Event "Titled Tuesday Blitz November 15 Early 2022"]
[White "Shimanov, Aleksandr"]
[Black "Budrewicz, Krzysztof"]
[WhiteFideId "4198603"]
[BlackFideId "1127950"]
[WhiteElo "2605"]
[BlackElo "2187"]
[Result "1-0"]
[Round "05"]
[TimeControl "180+1"]
[Date "2022.11.16"]
[WhiteClock "0:00:17"]
[BlackClock "0:00:08"]

1. e4 g6 2. d4 Bg7 3. c4 d6 4. Nc3 Nf6 5. f3 O-O 6. Be3 a6 7. Qd2 Nc6 8. Bd3 Na5 9. Rc1 Nd7 10. Nge2 c5 11. b3 Rb8 12. O-O Nc6 13. d5 Nd4 14. Bb1 Nxe2+ 15. Qxe2 b5 16. f4 bxc4 17. bxc4 Qa5 18. Bd2 Qa3 19. Rf3 Qb2 20. h3 Nf6 21. Re1 Bd7 22. e5 Ne8 23. Kh2 Nc7 24. Qf2 Qb4 25. Nb5 Qxc4 26. Nxc7 Rb7 27. e6 fxe6 28. Nxe6 Bxe6 29. dxe6 d5 30. f5 d4 31. fxg6 Rf6 32. gxh7+ Kh8 33. Rxf6 Bxf6 34. Qxf6+ exf6 35. e7 Rxe7 36. Rxe7 Qb5 37. Bg6 c4 38. Re8+ Qxe8 39. Bxe8 c3 40. Be1 d3 41. Bxc3 1-0


[Site "https://www.chess.com"]

[Event "Titled Tuesday Blitz November 15 Early 2022"]
[White "Simonovic, Miroslav"]
[Black "Mika, Tomasz"]
[WhiteFideId "919152"]
[BlackFideId "1132970"]
[WhiteElo "2043"]
[BlackElo "2126"]
[Result "0-1"]
[Round "05"]
[TimeControl "180+1"]
[Date "2022.11.16"]
[WhiteClock "0:00:07"]
[BlackClock "0:00:32"]

1. d4 d5 2. Bg5 Nf6 3. Bxf6 exf6 4. e3 c6 5. c4 dxc4 6. Bxc4 Bd6 7. Nc3 O-O 8. g3 f5 9. Nge2 Nd7 10. O-O Nf6 11. d5 Bd7 12. a4 c5 13. Qd3 Qe7 14. h3 Ne4 15. Nb5 Qf6 16. Nxd6 Nxd6 17. Nc3 f4 18. exf4 Bf5 19. Qd1 Nxc4 20. g4 Nxb2 21. Qb3 Nd3 22. gxf5 Qxf5 23. Ne2 Nxf4 24. Nxf4 Qxf4 25. Qg3 Qxg3+ 26. fxg3 Rad8 27. Rfd1 Rd7 28. Rd2 Rfd8 29. Rad1 Kf8 30. Kf2 Ke7 31. Ke3 Kd6 32. Kd3 Re7 33. Kc4 Re4+ 34. Kb3 Rde8 35. Rf1 f6 36. Rd3 c4+ 37. Kc3 cxd3 38. Kxd3 Re3+ 0-1


[Site "https://www.chess.com"]

[Event "Titled Tuesday Blitz November 15 Early 2022"]
[White "Smietanska, Wiktoria"]
[Black "Fernandez Garcia, Gumersindo"]
[WhiteFideId "21869359"]
[BlackFideId "24516740"]
[WhiteElo "1695"]
[BlackElo "2140"]
[Result "0-1"]
[Round "05"]
[TimeControl "180+1"]
[Date "2022.11.16"]
[WhiteClock "0:00:02"]
[BlackClock "0:00:21"]

1. c4 Nf6 2. Nc3 c6 3. g3 d5 4. cxd5 cxd5 5. d4 Nc6 6. Bg2 e6 7. Bg5 Be7 8. e3 h6 9. Bxf6 Bxf6 10. Nge2 O-O 11. O-O Na5 12. Rc1 Nc4 13. b3 Nb6 14. Qc2 Bd7 15. Qb2 Rc8 16. a4 a5 17. Nf4 Be7 18. Nd3 Bd6 19. Rc2 Qe7 20. Rb1 Rc7 21. b4 Nc4 22. Qb3 axb4 23. Nxb4 Rfc8 24. Ncxd5 exd5 25. Nxd5 Qd8 26. Nxc7 Qxc7 27. Rbc1 Qb6 28. Qa2 Ba3 29. Rb1 Qa6 30. Bxb7 Qg6 31. Bxc8 Bxc8 32. Qxc4 Be6 33. Rb8+ Kh7 34. Qc3 Bd6 35. Rc1 Bxb8 36. Qb4 Bd5 37. Qc5 Qe4 38. Kf1 Qf3 39. Qc2+ Be4 40. Qb2 Ba7 41. Ke1 Bb6 42. Kd2 Ba5+ 0-1


[Site "https://www.chess.com"]

[Event "Titled Tuesday Blitz November 15 Early 2022"]
[White "Sowul, Bartosz"]
[Black "Korchmar, Vasiliy"]
[WhiteFideId "1137590"]
[BlackFideId "24131750"]
[WhiteElo "2188"]
[BlackElo "2370"]
[Result "0-1"]
[Round "05"]
[TimeControl "180+1"]
[Date "2022.11.16"]
[WhiteClock "0:00:03"]
[BlackClock "0:00:15"]

1. e4 c5 2. Nc3 d6 3. d4 cxd4 4. Qxd4 Nc6 5. Qd2 g6 6. b3 Bh6 7. f4 Nf6 8. Bb2 O-O 9. O-O-O a5 10. a4 Nb4 11. Nf3 Qb6 12. Kb1 Bg4 13. Bc4 Rac8 14. Rhf1 Rxc4 15. bxc4 Rc8 16. Qd4 Qxd4 17. Rxd4 Bxf4 18. h3 Bxf3 19. Rxf3 Be5 20. Nd5 Nfxd5 21. Rxd5 Nxd5 22. cxd5 Bxb2 23. Kxb2 Rc4 24. Rb3 Rxa4 25. e5 dxe5 26. Rxb7 Kf8 27. Kc3 Rd4 28. Rb5 a4 29. Ra5 f5 30. Ra8+ Kf7 31. Ra7 g5 32. Kb2 h5 33. Kc1 g4 34. hxg4 hxg4 35. c3 Rxd5 36. Rxa4 Rd3 37. Kc2 Rg3 38. Ra5 Rxg2+ 39. Kd3 e4+ 40. Ke3 Kf6 41. Ra6+ e6 42. Kf4 Rf2+ 43. Kg3 Rf3+ 44. Kh4 Rh3# 0-1


[Site "https://www.chess.com"]

[Event "Titled Tuesday Blitz November 15 Early 2022"]
[White "Sreyas Payyappat"]
[Black "Rohith Krishna S"]
[WhiteFideId "46674969"]
[BlackFideId "46617051"]
[WhiteElo "2083"]
[BlackElo "2270"]
[Result "0-1"]
[Round "05"]
[TimeControl "180+1"]
[Date "2022.11.16"]
[WhiteClock "0:00:08"]
[BlackClock "0:00:18"]

1. e4 e5 2. Nf3 Nc6 3. Bc4 Bc5 4. c3 Nf6 5. d4 exd4 6. e5 d5 7. Bb5 Ne4 8. cxd4 Bb4+ 9. Bd2 Nxd2 10. Nbxd2 Bd7 11. O-O O-O 12. Nb3 a6 13. Bxc6 Bxc6 14. a3 Be7 15. Re1 b6 16. Rc1 Ba4 17. Qd3 Qd7 18. Nbd2 c5 19. dxc5 bxc5 20. b3 Bb5 21. Qe3 a5 22. e6 fxe6 23. Qxe6+ Qxe6 24. Rxe6 Ra7 25. Rce1 Bf6 26. Rd6 Rd7 27. Ree6 Rfd8 28. Rxd7 Rxd7 29. Ne5 Bxe5 30. Rxe5 a4 31. bxa4 Bxa4 32. Re8+ Kf7 33. Ra8 Bc2 34. Nf3 Rb7 35. h3 Be4 36. Ng5+ Kf6 37. Nxe4+ dxe4 38. Rc8 Rb5 39. Kh2 Ra5 40. Kg3 Ke5 41. Re8+ Kf5 42. Rf8+ Kg5 43. f4+ Kg6 44. Kg4 Rxa3 45. f5+ Kh6 46. Re8 Re3 47. Re6+ g6 48. f6 c4 49. Re8 Re2 50. f7 Rxg2+ 51. Kf4 Rf2+ 52. Kxe4 Rxf7 53. Rc8 Kh5 54. Rxc4 Kh4 55. Ke5+ Kxh3 56. Ke6 Rf3 57. Rc1 h5 58. Rg1 Rg3 59. Rh1+ Kg4 60. Kf6 g5 61. Rb1 h4 62. Rb4+ Kh3 63. Kf5 g4 64. Kg5 Rg2 65. Rb3+ Rg3 66. Rb2 Rd3 67. Kf4 g3 68. Ke4 Ra3 69. Rc2 g2 70. Rc1 Kh2 71. Kf4 g1=Q 72. Rxg1 Kxg1 73. Kg4 h3 74. Kh4 h2 75. Kg5 h1=Q 76. Kf5 Qd5+ 77. Kg4 Ra4+ 78. Kg3 Qd3# 0-1


[Site "https://www.chess.com"]

[Event "Titled Tuesday Blitz November 15 Early 2022"]
[White "Stankovic, Ivan G"]
[Black "Odegov, Artem"]
[WhiteFideId "902837"]
[BlackFideId "34183644"]
[WhiteElo "2226"]
[BlackElo "2298"]
[Result "1-0"]
[Round "05"]
[TimeControl "180+1"]
[Date "2022.11.16"]
[WhiteClock "0:00:37"]
[BlackClock "0:00:37"]

1. e4 e6 2. d3 d5 3. Nd2 c5 4. g3 Nc6 5. Bg2 Nf6 6. Ngf3 Be7 7. O-O O-O 8. Re1 b5 9. e5 Nd7 10. Nf1 a5 11. h4 b4 12. N1h2 a4 13. a3 b3 14. c3 Ba6 15. h5 Qa5 16. Ng4 Qb5 17. Bf1 Rac8 18. h6 g6 19. Bf4 Qb6 20. Qd2 Nd8 21. Bg5 f6 22. exf6 Nxf6 23. Nfe5 Qd6 24. Bxf6 Bxf6 25. Nxf6+ Rxf6 26. Bh3 Nc6 27. d4 Na5 28. dxc5 Qxc5 29. Nd7 Qe7 30. Nxf6+ Qxf6 31. Bxe6+ Kf8 32. Bxc8 Bxc8 33. Qxd5 Nc6 34. Re3 Ne7 35. Qd8+ Kf7 36. Rxe7+ Qxe7 37. Qxc8 g5 38. Rd1 Kg6 39. Qd7 Qe4 40. Rd6+ Kh5 41. Qh3+ Qh4 42. g4# 1-0


[Site "https://www.chess.com"]

[Event "Titled Tuesday Blitz November 15 Early 2022"]
[White "Stijve, Theo"]
[Black "Al-Tarboush, Ward"]
[WhiteFideId "1331132"]
[BlackFideId "7601450"]
[WhiteElo "2256"]
[BlackElo "2273"]
[Result "0-1"]
[Round "05"]
[TimeControl "180+1"]
[Date "2022.11.16"]
[WhiteClock "0:00:52"]
[BlackClock "0:01:22"]

1. e4 b6 2. d4 Bb7 3. Nc3 e6 4. Nf3 Bb4 5. Bd3 Nf6 6. e5 Ne4 7. Bd2 Nxd2 8. Qxd2 c5 9. a3 cxd4 10. axb4 dxc3 11. Qxc3 Bxf3 12. gxf3 Nc6 13. b5 Ne7 14. Be4 Rc8 15. Qd3 Qc7 16. f4 f5 17. exf6 gxf6 18. f5 exf5 19. Bf3 Qxc2 20. Qxc2 Rxc2 21. Rxa7 Kf7 22. Rxd7 Ke6 23. Rd2 Rc1+ 24. Ke2 Rxh1 25. Bxh1 Ng6 26. Rc2 Rd8 27. Ke3 Ne5 28. h3 Rd3+ 29. Ke2 Rxh3 30. f4 Rh2+ 31. Kf1 Rxc2 0-1


[Site "https://www.chess.com"]